 Dungeon Crawl Stone Soup version 0.20.1-1-g8b1a95d (webtiles) character file.

317 pstr the Conjurer (level 6, 0/32 HPs)
             Began as a Kobold Conjurer on Nov 14, 2017.
             Killed by nerve-wracking pain
             ... invoked by an orc priest
              (12 damage)
             ... on level 3 of the Dungeon.
             The game lasted 00:11:14 (4127 turns).

pstr the Conjurer (Kobold Conjurer)                 Turns: 4127, Time: 00:11:15

Health: 0/32       AC:  6    Str:  6    XL:     6   Next: 73%
Magic:  19/21      EV: 19    Int: 18    God:
Gold:   96         SH:  0    Dex: 15    Spells: 10/13 levels left

rFire    . . .     SeeInvis .   j - +1 short sword
rCold    . . .     Gourm    .   (shield restricted)
rNeg     . . .     Faith    .   n - +3 leather armour
rPois    .         Spirit   .   (no helmet)
rElec    .         Reflect  .   (no cloak)
rCorr    .         Harm     .   (no gloves)
MR       .....                  (no boots)
Stlth    ++........             (no amulet)
Regen    0.1/turn               p - +4 ring of evasion
MPRegen  0.2/turn               u - ring of magical power

@: no status effects
A: carnivore 3
a: no special abilities


You were on level 3 of the Dungeon.
You were completely stuffed.

You visited 1 branch of the dungeon, and saw 3 of its levels.

You collected 96 gold pieces.

Inventory:

Hand Weapons
 j - a +1 short sword (weapon)
Missiles
 k - 79 stones (quivered)
Armour
 a - a +0 robe
 n - a +3 leather armour (worn)
 s - a +0 shield
Jewellery
 g - a -5 ring of strength
 p - a +4 ring of evasion (left hand)
 u - a ring of magical power (right hand)
Scrolls
 d - a scroll of enchant weapon
 e - a scroll of amnesia {unknown}
 f - a scroll of teleportation {unknown}
 m - a scroll of fear {unknown}
 o - 2 scrolls of recharging
Potions
 l - a potion of magic {unknown}
 q - a potion of curing {unknown}
Books
 b - a book of Conjurations

   Spells                             Type                      Level
   a - Magic Dart                     Conjuration                  1
   b - Searing Ray                    Conjuration                  2
   c - Dazzling Spray                 Conjuration/Hexes            3
   d - Fulminant Prism                Conjuration/Hexes            4
   e - Force Lance                    Conjuration/Translocation    4
   f - Iskenderun's Mystic Blast      Conjuration                  4
Comestibles
 c - 3 meat rations
 h - 9 chunks of flesh


   Skills:
 + Level 0.2 Fighting
 + Level 1.1 Short Blades
 + Level 0.4 Armour
 + Level 2.9 Dodging
 + Level 3.7 Stealth
 + Level 4.3 Spellcasting
 + Level 5.7 Conjurations


You had 10 spell levels left.
You knew the following spells:

 Your Spells              Type           Power        Failure   Level  Hunger
a - Magic Dart            Conj           ###.         1%          1    None
b - Searing Ray           Conj           ###...       3%          2    ##.....


Dungeon Overview and Level Annotations

Branches:
Dungeon (3/15)

Altars:
Xom


Innate Abilities, Weirdness & Mutations

You are small and have problems with some larger weapons.
You are carnivorous and can eat meat at any time.


Message History

The magic dart hits the orc priest.
The orc priest mumbles some strange prayers to Beogh against you.
Beogh smites you!
You see here a dagger.
You start resting.
The orc priest invokes the aid of Beogh against you.
Beogh smites you!
Casting: Magic Dart
Confirm with . or Enter, or press ? or * to list all spells.
You can't see any susceptible monsters within range! (Use Z to cast anyway.)
Casting: Magic Dart
Confirm with . or Enter, or press ? or * to list all spells.
Aiming: Searing Ray
Press: ? - help, Shift-Dir - straight line, f/p - orc priest
Aim: an orc priest, wielding a flail of protection and wearing a leather armour The searing ray hits the orc priest. (Press . to maintain the ray.)
The orc priest invokes the aid of Beogh against you.
Pain shoots through your body!
You die...

.#
###.#####.###.......#
.## #...# #.#
#.#####.# ..#####.###
##.###.# .# #.#.....#
#..)...# # ..#.#####
##..##### ..#.#
#....# ....# ###.##o#
..### #...##.# #.#
#.####@#
#.#########.# #.#
#...##......# #.#
###..#.###### #.#
.......# #.#
##.....#########.#
##.##....#.....#.#
...##..........#.#
#####..........#.# ##


You could see an orc priest.

Vanquished Creatures
  The ghost of seb29deBrest the Shooter, an amateur HuWn (D:3)
  An orc wizard (D:3)
  4 gnolls (D:3)
  3 adders
  8 worms
  2 dart slugs (D:2)
  A leopard gecko (D:1)
  4 orcs (D:3)
  4 giant cockroaches
  3 goblins
  10 hobgoblins
  10 kobolds
  12 bats
  3 frilled lizards
  A jackal zombie (D:3)
  9 rats
76 creatures vanquished.

Notes
Turn   | Place    | Note
-------+----------+-------------------------------------------
     0 | D:1      | pstr the Kobold Conjurer began the quest for the Orb.
     0 | D:1      | Reached XP level 1. HP: 10/10 MP: 3/3
   178 | D:1      | Reached XP level 2. HP: 15/15 MP: 0/5
   306 | D:1      | Learned a level 2 spell: Searing Ray
  1000 | D:2      | Reached XP level 3. HP: 19/19 MP: 3/6
  1344 | D:2      | Found a shimmering altar of Xom.
  1791 | D:2      | Reached skill level 5 in Conjurations
  1799 | D:2      | Reached XP level 4. HP: 24/24 MP: 3/7
  1895 | D:2      | Lost strength.
  2548 | D:3      | Noticed seb29deBrest's ghost (amateur HuWn)
  2894 | D:3      | Killed seb29deBrest's ghost
  2894 | D:3      | Reached skill level 1 in Short Blades
  2894 | D:3      | Reached XP level 5. HP: 19/28 MP: 4/10
  2894 | D:3      | Reached XP level 6. HP: 22/32 MP: 4/11
  4127 | D:3      | Killed from afar by an orc priest

Skill      XL: |  1  2  3  4  5  6 |
---------------+-------------------+-----
Conjurations   | 5 |  5.7
Stealth        | 3 |  3.7
Short Blades   | 1 |  1.1
Spellcasting   | 3 4 |  4.3
Fighting       | |  0.2
Armour         | |  0.4
Dodging        | |  2.9

Action                   |  1- 3 |  4- 6 || total
-------------------------+-------+-------++-------
Melee: Unarmed           |     1 |       ||     1
       Short sword       |     6 |     6 ||    12
 Cast: Magic Dart        |    35 |    35 ||    70
       Searing Ray       |     8 |    31 ||    39
  Use: Scroll            |       |     8 ||     8
       Potion            |       |     1 ||     1
  Eat: Chunk             |    12 |     9 ||    21
Armor: Leather armour    |       |     2 ||     2
Dodge: Dodged            |    15 |    28 ||    43
